cohdb
Replays
Latest Replays
All Replays
Popular Replays
Top Player Replays
Match Explorer
How It Works
Community
CoH3 Stats
Reddit
Sign in to upload your games and track your stats! →
Sign in with Steam
Match 42829808
Unlisted
Match 42829808
Overview
Messages
Build Orders
End
Royal Engineer Section
Selects Canadian Shock Battlegroup
Construct Section Command Post
Infantry Section
Vickers Machine Gun Team
ML 3-inch Mortar Team
Construct Platoon Command Post
Selects Attacking Spirit
Selects Canadian Shock Section
Humber Armored Car
Canadian Shock Section
Canadian Shock Section
Grenade Package
Construct Company Command Post
Selects Burnout
6-pounder Anti-tank Gun Team
Crusader II Medium Tank
Canadian Shock Section
Burnout
Selects Pyrotechnics
Crusader II Medium Tank
Crusader II Medium Tank
Burnout
Crusader II Medium Tank
Foot Guards Section
Unlock Towed 17-pounder Anti-tank Guns
Selects Churchill Crocodile Heavy Tank
17-pounder Anti-tank Gun Team
17-pounder Anti-tank Gun Team
matjouz
Sarmynation
Xenion501
STEEL BRO
0
0
Comments
sign in to comment!
No comments posted yet!